Unix NetHack Version 5.0.0-0 post-release - last build Jun 10 2026 00:39:30 (3ee93aec679c4c4259841fe613dc97188e26a321,branch:main).

Game began 2026-06-16 01:35:48, ended 2026-06-16 01:40:02.

Kwijibo4686, neutral female human Valkyrie

                                                                           ----
                                                                    ---    |..|
                                                                   --.------.--
                                                                   |>h@......|
                                                                   #-........|
                                                                   --........|
                                                                   |........--
                                                                   --.......|
                                                                  ---......--
                                                              -...........<|
                                                              --  -----...--
                                                                      |..--
                                                                      |..-
                                                                      -..
                                                                      ...-
                                                                      ...|
                                                                     --.--
                                                                      ---
Kwijibo4686 the Skirmisher  St:15 Dx:12 Co:18 In:10 Wi:10 Ch:10  Neutral
Dlvl:3  $:24 HP:0(34) Pw:8(8) AC:6  Xp:3 T:852 

Latest messages:
 This burns!
 Call a brown potion: 
 You hit the gnome.
 The gnome just misses!
 You kill the gnome!
 Welcome to experience level 3.
 You feel stealthy!
 You hit the gnome lord.
 The gnome lord hits!
 You hit the gnome lord.
 You miss the gnome lord.
 The gnome lord hits!
 You hit the gnome lord.
 The gnome lord hits!
 You miss the gnome lord.
 The gnome lord hits!
 Are you sure you want to pray? [yn] (n) y
 You begin praying to Odin.
 You are surrounded by a shimmering light.
 The gnome lord starts to attack you, but pulls back.
 The gnome lord starts to attack you, but pulls back.
 You finish your prayer.
 You feel that Odin is well-pleased.
 You feel much better.
 You miss the gnome lord.
 The gnome lord hits!
 You miss the gnome lord.
 The gnome lord hits!
 You miss the gnome lord.
 You kill the gnome lord!
 You learn more about your items by comparing them.
 d - an uncursed food ration (3 in total).
 There is a gnome lord corpse here; eat it? [ynq] (n) y
 This gnome lord corpse tastes okay.
 You finish eating the gnome lord corpse.
 You kill the gnome!
 The dwarf swings his pick-axe.
 The dwarf hits!
 You miss the dwarf.
 The dwarf swings his pick-axe.
 The dwarf hits!
 You hit the dwarf.
 You miss the dwarf.
 The dwarf swings his pick-axe.
 The dwarf hits!
 You hit the dwarf.
 The dwarf swings his pick-axe.
 The dwarf hits!
 You die...
 Do you want your possessions identified? [ynq] (y) q

Inventory:
 Coins    ('$')
  $ - 24 gold pieces
 Weapons  (')')
  b - a +0 dagger (alternate weapon; not wielded)
  a - a corroded +1 spear (weapon in right hand)
 Armor    ('[')
  g - an uncursed +0 orcish helm
  c - an uncursed +3 small shield (being worn)
  j - an uncursed +0 chain mail
 Comestibles  ('%')
  d - 3 uncursed food rations
 Scrolls  ('?')
  e - an uncursed scroll of taming
 Spellbooks  ('+')
  h - an uncursed spellbook of force bolt
  l - an uncursed spellbook of knock
 Potions  ('!')
  k - a blessed potion of fruit juice
  i - an uncursed potion of speed
  f - an uncursed potion of water
 Rings    ('=')
  m - an uncursed ring of polymorph control

Kwijibo4686 the Valkyrie's attributes:

Background:
 You were a Skirmisher, a level 3 human Valkyrie.
 You were neutral, on a mission for Odin
 who was opposed by Tyr (lawful) and Loki (chaotic).
 You were right-handed.
 You were in the Gnomish Mines, on level 3.
 You entered the dungeon 852 turns ago.
 It was nighttime.
 There was a new moon in effect when your adventure ended.
 You had 63 experience points, 17 more were needed to attain level 4.

Basics:
 You had 0 out of 34 hit points.
 You had all 8 energy points (spell power).
 Your armor class was 6.
 Your wallet contained 24 zorkmids.
 Autopickup was on for '$?!/="' plus thrown.

Final Characteristics:
 Your strength was 15 (limit:18/100).
 Your dexterity was 12 (limit:18).
 Your constitution was 18 (limit:18).
 Your intelligence was 10 (limit:18).
 Your wisdom was 10 (limit:18).
 Your charisma was 10 (limit:18).

Final Status:
 You weren't hungry.
 You were unencumbered.
 You were wielding a spear.
 You had basic skill with spear.

Final Attributes:
 You were devoutly aligned.
 You were cold resistant.
 You were stealthy.
 You are dead.

Miscellaneous:
 You didn't encounter any bones levels.
 Total elapsed playing time was 4 minutes and 14 seconds.

Major events:
 Turn
    1: Kwijibo4686 the neutral human Valkyrie entered the dungeon
  797: entered the Gnomish Mines
  804: attained the rank of Skirmisher (level 3)
  852: killed by a dwarf

You didn't know any spells.

Skills:
 Fighting Skills
   bare handed combat [Unskilled]
   two weapon combat  [Unskilled]
   riding             [Unskilled]
 Weapon Skills
   dagger             [Basic]
   axe                [Unskilled]
   pick-axe           [Unskilled]
   short sword        [Unskilled]
   broadsword         [Unskilled]
   long sword         [Unskilled]
   two-handed sword   [Unskilled]
   saber              [Unskilled]
   hammer             [Unskilled]
   quarterstaff       [Unskilled]
   polearms           [Unskilled]
   spear              [Basic]
   trident            [Unskilled]
   lance              [Unskilled]
   sling              [Unskilled]
 Spellcasting Skills
   attack spells      [Unskilled]
   escape spells      [Unskilled]

Voluntary challenges:
 Character rerolling was not enabled.
 You were illiterate.
 You never genocided any monsters.
 You never polymorphed an object.
 You never changed form.
 You used no wishes.
Achievements:
 You entered the Gnomish Mines.
 You attained the rank of Skirmisher.

 The Dungeons of Doom: levels 1 to 2
    Level 1:
    Level 2:
       A fountain.
       Stairs down to The Gnomish Mines.
 The Gnomish Mines:
    Level 3: <- You were here.
       Final resting place for
          you, killed by a dwarf.


Vanquished creatures:
  a gnome leader
  a little dog
 an acid blob
  a coyote
  2 gnomes
  5 jackals
  2 goblins
  a lichen
  a kobold zombie
  5 newts
20 creatures vanquished.

No species were genocided or became extinct.

Game over:
                       ----------
                      /          \
                     /    REST    \
                    /      IN      \
                   /     PEACE      \
                  /                  \
                  |   Kwijibo4686    |
                  |      24 Au       |
                  |   killed by a    |
                  |      dwarf       |
                  |                  |
                  |                  |
                  |       2026       |
                 *|     *  *  *      | *
        _________)/\\_//(\/(/\)/\//\/|_)_______

Farvel Kwijibo4686 the Valkyrie...

You died in The Gnomish Mines on dungeon level 3 with 374 points,
and 24 pieces of gold, after 852 moves.
You were level 3 with a maximum of 34 hit points when you died.

